 Dungeon Crawl Stone Soup version 0.23.0-3-gf3c87f2 (webtiles) character file.

Game seed: 932526544380422148

69 farkougg the Slasher (level 4, 0/33 HPs)
             Began as a Merfolk Gladiator on Feb 21, 2019.
             Slain by a mummy (2 damage)
             ... in an ossuary.
             The game lasted 00:09:20 (2474 turns).

farkougg the Slasher (Merfolk Gladiator)            Turns: 2474, Time: 00:09:23

Health: 0/33       AC:  5    Str: 14    XL:     4   Next: 20%
Magic:  4/4        EV: 14    Int:  8    God:
Gold:   12         SH:  0    Dex: 15    Spells: 3/3 levels left

rFire    . . .     SeeInvis .   a - +0 long sword
rCold    . . .     Gourm    .   (no shield)
rNeg     . . .     Faith    .   s - +0 leather armour
rPois    .         Spirit   .   c - +0 helmet
rElec    .         Reflect  .   (no cloak)
rCorr    .         Harm     .   (no gloves)
MR       .....                  m - +0 pair of boots
Stlth    +.........             (no amulet)
HPRegen  0.11/turn              (no ring)
MPRegen  0.09/turn              (no ring)

@: about to teleport, marked
A: change form in water, swift swim, stealthy swim
a: no special abilities


You were in an ossuary.
You were not hungry.

You visited 1 branch of the dungeon, and saw 4 of its levels.
You also visited: Ossuary.

You collected 12 gold pieces.

Inventory:

Hand Weapons
 a - a +0 long sword (weapon)
 b - a +0 blowgun
Missiles
 d - 2 throwing nets (quivered)
 t - 13 poisoned needles
Armour
 c - a +0 helmet (worn)
 m - a +0 pair of boots (worn)
 s - a +0 leather armour (worn)
Wands
 q - a wand of flame (18)
Scrolls
 e - 2 scrolls of remove curse
 g - a scroll of amnesia {unknown}
 h - 2 scrolls of teleportation
 i - 2 scrolls of noise {unknown}
 k - a scroll of fog {unknown}
 n - a scroll of enchant weapon {unknown}
 p - 2 scrolls of identify {unknown}
 r - a scroll of enchant armour {unknown}
Potions
 o - a potion of curing {unknown}
Comestibles
 f - 2 rations
 u - 2 chunks of flesh


   Skills:
 - Level 2.1 Fighting
 * Level 5.4 Long Blades
 - Level 2.0 Throwing
 - Level 4.0 Dodging


You had 3 spell levels left.
You didn't know any spells.
Your spell library was empty.

Dungeon Overview and Level Annotations

Branches:
Dungeon (4/15)
 Temple: D:4-7

Altars:

Annotations:
D:2 exclusion: downstairs
D:4 Eustachio


Message History

You hit the centaur zombie.
The centaur zombie is heavily damaged.
The centaur zombie hits you.
You slash the centaur zombie!
The centaur zombie is severely damaged.
The centaur zombie hits you.
You closely miss the big kobold zombie.
The big kobold zombie is severely damaged.
The big kobold zombie barely misses you.
As you read the scroll labeled GEARICV FE EXKAVU, it crumbles to dust.
You feel blessed for a moment.
It was a scroll of remove curse.
The big kobold zombie closely misses you.
The mummy hits you.
As you read the scroll labeled BICATH VAELICU, it crumbles to dust.
You feel strangely unstable.
It was a scroll of teleportation.
You float gracefully downwards.
The big kobold zombie misses you. The mummy hits you!
* * * LOW HITPOINT WARNING * * *
The mummy hits you.
You die...

##...##
##.....##
#!.....?#
#?.....?#
#!.....?#
#!....Z?#
#^..ZZ#
##^..MM##
#....MM@#
##...ZZ##
#....ZZ.#
##...M.##
#.^.....#
##.....##
#....^..#
##.....##
#.^..M§(#


You could see 5 mummies, a hobgoblin zombie, 4 big kobold zombies and 2 centaur
zombies.

Vanquished Creatures
  A mummy (D:4)
  An adder (D:3)
  A worm (D:3)
  A dart slug (D:1)
  2 leopard geckos
  3 giant cockroaches
  5 goblins
  11 hobgoblins
  3 kobolds
  A ball python (D:2)
  6 bats
  2 frilled lizards (D:2)
  A hobgoblin zombie (Ossuary)
  A rat (D:1)
39 creatures vanquished.

Notes
Turn   | Place    | Note
-------+----------+-------------------------------------------
     0 | D:1      | farkougg the Merfolk Gladiator began the quest for the Orb.
     0 | D:1      | Reached XP level 1. HP: 16/16 MP: 1/1
   185 | D:1      | Reached XP level 2. HP: 19/22 MP: 2/2
   218 | D:1      | Reached skill level 4 in Long Blades
   532 | D:1      | Reached XP level 3. HP: 27/27 MP: 3/3
  1579 | D:3      | Noticed an orc warrior
  1645 | D:3      | Reached skill level 5 in Long Blades
  2335 | D:3      | Reached XP level 4. HP: 33/33 MP: 4/4
  2409 | D:4      | Noticed Eustachio
  2421 | D:4      | Found a sand-covered staircase.
  2441 | Ossuary  | Entered an ossuary
  2474 | Ossuary  | Slain by a mummy

Skill      XL: |  1  2  3 |
---------------+----------+-----
Long Blades    | 4 5 |  5.4
Fighting       | |  2.1
Throwing       | |  2.0
Dodging        | |  4.0

Action                   |  1- 3 |  4- 6 || total
-------------------------+-------+-------++-------
Melee: Long sword        |   108 |    27 ||   135
Throw: Throwing net      |     1 |     1 ||     2
Evoke: Wand              |       |     4 ||     4
  Use: Scroll            |       |     2 ||     2
       Potion            |       |     2 ||     2
  Eat: Chunk             |     3 |       ||     3
       Ration            |     1 |       ||     1
Armor: Leather armour    |    18 |     6 ||    24
Dodge: Dodged            |    76 |    23 ||    99
       Rpst.: Long sword |    23 |     5 ||    28
